 Dungeon Crawl Stone Soup version 0.20.0-15-g7f486f2 (webtiles) character file.

70 JohnnyMnemonic the Poker (level 4, -5/36 HPs)
             Began as a Merfolk Gladiator on July 5, 2017.
             Slain by an iguana (7 damage)
             ... on level 4 of the Dungeon.
             The game lasted 00:02:19 (1388 turns).

JohnnyMnemonic the Poker (Merfolk Gladiator)        Turns: 1388, Time: 00:02:19

Health: -5/36      AC: 12    Str: 12 (15) XL:     4   Next: 22%
Magic:  4/4        EV:  6    Int:  6 (7)  God:
Gold:   85         SH:  0    Dex: 13 (15) Spells: 3/3 levels left

rFire    . . .     SeeInvis .   a - +0 trident
rCold    . . .     Gourm    .   (no shield)
rNeg     . . .     Faith    .   k - +0 chain mail
rPois    .         Spirit   .   c - +1 helmet
rElec    +         Reflect  .   (no cloak)
rCorr    .         Harm     .   (no gloves)
MR       .....                  (no boots)
Stlth    ..........             m - amulet of inaccuracy (curse)
Regen    0.2/turn               (no ring)
MPRegen  0.1/turn               (no ring)

@: no status effects
A: change form in water, swift swim, stealthy swim, claws 1, slimy green scales
1, robust 1, electricity resistance
a: no special abilities


You were on level 4 of the Dungeon.
You were hungry.

You visited 1 branch of the dungeon, and saw 4 of its levels.

You collected 85 gold pieces.

Inventory:

Hand Weapons
 a - a +0 trident (weapon)
Missiles
 d - 3 throwing nets (quivered)
Armour
 b - a +0 leather armour
 c - a +1 helmet (worn)
 k - a +0 chain mail (worn)
Jewellery
 m - a cursed amulet of inaccuracy (around neck)
 p - an uncursed amulet of the gourmand
 s - an uncursed amulet of the gourmand
Wands
 o - a wand of random effects (48/48)
Scrolls
 e - 6 scrolls of identify
 i - a scroll of recharging
Potions
 h - a potion of degeneration
Comestibles
 f - 3 bread rations
 g - 2 chunks of flesh
 j - 2 meat rations
 l - a fruit


   Skills:
 - Level 2.1 Fighting
 + Level 7.2 Polearms
 - Level 2.0 Throwing
 - Level 4.0 Dodging


You had 3 spell levels left.
You didn't know any spells.

Dungeon Overview and Level Annotations

Branches:
Dungeon (4/15)
 Temple: D:4-7

Altars:
Fedhas
Makhleb
Nemelex Xobeh

Annotations:
D:3 speculusfracta's ghost, amateur DECj


Innate Abilities, Weirdness & Mutations

You revert to your normal form in water.
You are very nimble and swift while swimming.
You are very stealthy in the water. (Stealth+)
You have sharp fingernails.
You are partially covered in slimy green scales. (AC +2)
You are robust. (+10% HP)
You are resistant to electric shocks. (rElec)


Message History

Attack whom?
Press: ? - help, Dir - move target cursor, f/p - iguana
Aim: an iguana (moderately wounded)
You hit the iguana.
The iguana is heavily wounded.
The iguana bites you but does no damage.
Attack whom?
Press: ? - help, Dir - move target cursor, f/p - iguana
Aim: an iguana (heavily wounded)
You hit the iguana but do no damage.
The iguana is heavily wounded.
The iguana hisses menacingly.
The iguana barely misses you.
Attack whom?
Press: ? - help, Dir - move target cursor, f/p - iguana
Aim: an iguana (heavily wounded)
You hit the iguana but do no damage.
The iguana is heavily wounded.
The iguana bites you!
You die...

### #.. #.#
... #.#
....... #.#
....l.. #@#
..%.... #l#
...o%.. #o#
.....o. #.#
..Z....
#.##...o...
##.#<..[....
#...........
#.#.#.......
#.#.##+#+#+#


You could see an iguana and an orc.

Vanquished Creatures
  2 adders
  2 oozes (D:1)
  An adder skeleton (D:4)
  2 dart slugs (D:2)
  2 orcs (D:4)
  A ball python (D:1)
  2 giant cockroaches
  2 goblins
  7 hobgoblins
  4 jackals
  A quokka (D:2)
  2 bats
  A frilled lizard (D:1)
  2 kobolds
  3 rats
34 creatures vanquished.

Notes
Turn   | Place    | Note
-------+----------+-------------------------------------------
     0 | D:1      | JohnnyMnemonic the Merfolk Gladiator began the quest for the Orb.
     0 | D:1      | Reached XP level 1. HP: 16/16 MP: 1/1
    75 | D:1      | Reached skill level 5 in Polearms
    75 | D:1      | Reached XP level 2. HP: 22/22 MP: 2/2
   490 | D:2      | Found a sparkling altar of Nemelex Xobeh.
   496 | D:2      | Reached XP level 3. HP: 21/27 MP: 3/3
   551 | D:2      | Reached skill level 6 in Polearms
  1169 | D:3      | Reached skill level 7 in Polearms
  1169 | D:3      | Reached XP level 4. HP: 33/33 MP: 4/4
  1236 | D:3      | Found a burning altar of Makhleb.
  1240 | D:3      | Found a blossoming altar of Fedhas.
  1300 | D:3      | Noticed speculusfracta's ghost (amateur DECj)
  1312 | D:3      | Gained mutation: You are robust. (+10% HP) [potion of mutation]
  1312 | D:3      | Gained mutation: You have sharp fingernails. [potion of mutation]
  1312 | D:3      | Gained mutation: You are resistant to electric shocks. (rElec) [potion of mutation]
  1312 | D:3      | Gained mutation: You are partially covered in slimy green scales. (AC +2) [potion of mutation]
  1381 | D:4      | HP: 1/36 [iguana (10)]
  1388 | D:4      | Slain by an iguana

Skill      XL: |  1  2  3 |
---------------+----------+-----
Polearms       | 5 7 |  7.2
Fighting       | |  2.1
Throwing       | |  2.0
Dodging        | |  4.0

Action                   |  1- 3 |  4- 6 || total
-------------------------+-------+-------++-------
Melee: Trident           |   114 |    64 ||   178
  Use: Scroll            |     4 |       ||     4
       Potion            |       |     5 ||     5
 Stab: Sleeping          |     1 |       ||     1
  Eat: Chunk             |     1 |       ||     1
Armor: Leather armour    |     4 |       ||     4
       Chain mail        |    40 |    27 ||    67
Dodge: Dodged            |    37 |    18 ||    55
